 Dungeon Crawl Stone Soup version 0.23.2-1-ga50397a6bc (webtiles) character file.

Game seed: 5087342836755443758

284 Peloso the Covered (level 6, -1/53 HPs)
             Began as a Minotaur Fighter on May 31, 2019.
             Was a Follower of Okawaru.
             Slain by a killer bee (3 damage)
             ... on level 4 of the Dungeon.
             The game lasted 00:05:16 (2742 turns).

Peloso the Covered (Minotaur Fighter)               Turns: 2742, Time: 00:05:16

Health: -1/53      AC:  7    Str: 21    XL:     6   Next: 7%
Magic:  5/5        EV:  8    Int:  5    God:    Okawaru [*.....]
Gold:   171        SH: 10    Dex: 11    Spells: 5/5 levels left

rFire    + . .     SeeInvis .   a - +0 long sword
rCold    . . .     Gourm    .   c - +0 shield
rNeg     . . .     Faith    .   b - +0 scale mail
rPois    .         Spirit   .   (helmet restricted)
rElec    .         Reflect  .   k - scarf {cloud immunity}
rCorr    .         Harm     .   (no gloves)
MR       .....                  (no boots)
Stlth    ..........             (no amulet)
HPRegen  0.17/turn              s - ring of protection from fire
MPRegen  0.09/turn              (no ring)

@: lethally poisoned (-1 -> -12)
A: retaliatory headbutt, horns 2
a: Heroism, Renounce Religion


You were on level 4 of the Dungeon.
You worshipped Okawaru.
Okawaru was aware of your devotion.
You were not hungry.

You visited 1 branch of the dungeon, and saw 4 of its levels.

You collected 171 gold pieces.

Inventory:

Hand Weapons
 a - a +0 long sword (weapon)
Armour
 b - a +0 scale mail (worn)
 c - a +0 shield (worn)
 k - a scarf of cloud immunity (worn)
Jewellery
 i - a +4 ring of intelligence
 r - an uncursed ring of fire
 s - a ring of protection from fire (left hand)
Scrolls
 e - 4 scrolls of remove curse {unknown}
 g - 3 scrolls of blinking {unknown}
 h - 3 scrolls of enchant weapon {unknown}
 j - 2 scrolls of teleportation {unknown}
 l - 2 scrolls of noise {unknown}
 m - a scroll of magic mapping {unknown}
 n - a scroll of enchant armour {unknown}
 p - 2 scrolls of amnesia {unknown}
 q - a scroll of identify {unknown}
 u - a scroll of immolation {unknown}
Potions
 d - a potion of might
Comestibles
 f - 9 rations


   Skills:
 + Level 4.5 Fighting
 + Level 4.8 Long Blades
 + Level 5.2 Armour
 + Level 1.5 Dodging
 + Level 0.1 Stealth
 + Level 4.8 Shields


You had 5 spell levels left.
You didn't know any spells.
Your spell library was empty.

Dungeon Overview and Level Annotations

Branches:
Dungeon (4/15)
 Temple: D:4-7

Altars:
Fedhas
Okawaru
Vehumet
Yredelemnul


Innate Abilities, Weirdness & Mutations

You reflexively headbutt those who attack you in melee.
You have a pair of horns on your head.


Message History

* * * LOW HITPOINT WARNING * * *
You miss the killer bee. Your headbutt misses the killer bee.
The killer bee is severely wounded.
You feel sick. The killer bee completely misses you. You furiously retaliate!
You headbutt the killer bee. The killer bee stings you.
* * * LOW HITPOINT WARNING * * *
You block the killer bee's attack.
You closely miss the killer bee.
The killer bee is severely wounded.
The killer bee stings you.
* * * LOW HITPOINT WARNING * * *
You are lethally poisoned!
The killer bee poisons you! You block the killer bee's attack.
Unknown command.
It was a potion of magic.
Magic courses through your body.
* * * LOW HITPOINT WARNING * * *
You feel sick. The killer bee stings you.
* * * LOW HITPOINT WARNING * * *
The killer bee stings you.
You die...

..#..# . .....###y
.. #.......y
#..####.......
.....$....#
.......## #......#
#.. #y# ... ##@##
..## . ##...##
...##.. ##.....##
....... #.......##
.......
...........##.......
##..................
##..........##.####
#.........##
##.......<#


You could see a killer bee.

Vanquished Creatures
  Menkaure (D:4)
  An orc priest (D:3)
  4 adders
  An ooze (D:3)
  An adder zombie (D:3)
  A worm (D:2)
  3 dart slugs
  3 leopard geckos
  4 orcs (D:3)
  7 bats
  8 giant cockroaches
  4 goblins
  10 hobgoblins
  9 jackals
  9 frilled lizards
  6 kobolds
  8 rats
80 creatures vanquished.

Notes
Turn   | Place    | Note
-------+----------+-------------------------------------------
     0 | D:1      | Peloso the Minotaur Fighter began the quest for the Orb.
     0 | D:1      | Reached XP level 1. HP: 19/19 MP: 0/0
   108 | D:1      | Reached XP level 2. HP: 27/27 MP: 1/1
   280 | D:1      | Reached skill level 4 in Armour
   785 | D:2      | Found a radiant altar of Vehumet.
   811 | D:2      | Reached XP level 3. HP: 15/33 MP: 2/2
  1214 | D:2      | Reached XP level 4. HP: 40/40 MP: 3/3
  1660 | D:2      | Found a blossoming altar of Fedhas.
  1739 | D:2      | Found an iron altar of Okawaru.
  1740 | D:2      | Found a basalt altar of Yredelemnul.
  1868 | D:2      | Became a worshipper of Warmaster Okawaru
  2277 | D:3      | Reached skill level 1 in Dodging
  2320 | D:3      | Reached XP level 5. HP: 23/47 MP: 4/4
  2703 | D:4      | Noticed Menkaure
  2711 | D:4      | Killed Menkaure
  2711 | D:4      | Reached * piety under Okawaru
  2711 | D:4      | Reached skill level 5 in Armour
  2711 | D:4      | Reached XP level 6. HP: 36/53 MP: 5/5
  2742 | D:4      | HP: 2/53 [killer bee (3)]
  2742 | D:4      | Slain by a killer bee

Skill      XL: |  1  2  3  4  5 |
---------------+----------------+-----
Armour         | 4 5 |  5.2
Fighting       | 4 |  4.5
Shields        | 4 |  4.8
Long Blades    | 3 4 |  4.8
Dodging        | 1 |  1.5
Stealth        | |  0.1

Action                   |  1- 3 |  4- 6 || total
-------------------------+-------+-------++-------
Melee: Long sword        |   116 |   133 ||   249
       Headbutt          |    12 |    26 ||    38
  Use: Potion            |       |     1 ||     1
  Eat: Chunk             |     1 |     5 ||     6
Armor: Scale mail        |    73 |    40 ||   113
       Leather armour    |       |     9 ||     9
Dodge: Dodged            |    37 |    40 ||    77
Block: Shield            |    63 |    85 ||   148
       Rpst.: Long sword |     7 |     9 ||    16
